 Dungeon Sprint DCSS version 0.19-a0-1049-g462a813 (webtiles) character file.

16284 poirepourri the Warrior (level 12, -11/92 HPs)
             Began as a Gargoyle Fighter on July 31, 2016.
             Was a High Priest of Ru.
             Killed from afar by a fire giant (61 damage)
             ... with a fireball
             ... in the Dungeon (Sprint IX: "|||||||||||||||||||||||||||||").
             The game lasted 00:13:17 (2701 turns).

poirepourri the Warrior (Gargoyle Fighter)          Turns: 2701, Time: 00:13:18

Health: -11/92     AC: 33    Str: 29    XL:     12   Next: 35%
Magic:  3/11       EV: 15    Int:  8    God:    Ru [*****.]
Gold:   14         SH: 13    Dex:  9    Spells: 0 memorised, 11 levels left

rFire  x . .     SeeInvis +     H - +1 morningstar (protect)
rCold  x . .     Gourm    .     w - +0 plate armour
rNeg   + . .     Faith    .     c - +0 shield
rPois  ∞         Spirit   .     z - +0 hat {SInv}
rElec  +         Dismiss  +     s - +0 cloak
rCorr  .         Reflect  .     y - +0 pair of gloves
SustAt .         Harm     .     I - +1 pair of boots
MR     .....     NoTele   +     l - amulet of dismissal
Stlth  ..........               g - ring of Veiffiar {+Fly rElec EV+5}
                                p - +3 ring of strength

@: exhausted, drained, not resistant to hostile enchantments, extremely
unstealthy
A: low mp 1, negative energy resistance 1, electricity resistance, unbreathing,
petrification resistance, rot immunity, no stealth, no air magic, no hexes
magic, no translocations magic, temperature sensitive, AC +8
a: Draw Out Power, Power Leap, Apocalypse, Renounce Religion, Evoke Flight


You were in the Dungeon.
You worshipped Ru.
Ru was extremely pleased with you.
You were not hungry.

You visited 1 branch You collected 1900 gold pieces.
You spent 1886 gold pieces at shops.

Inventory:

Hand Weapons
 a - a +0 flail
 H - a +1 morningstar of protection (weapon)
Armour
 c - a +0 shield (worn)
 r - a +1 chain mail
 s - a +0 cloak (worn)
 t - a +0 helmet
 w - a +0 plate armour (worn)
 x - a +0 pair of boots
 y - a +0 pair of gloves (worn)
 z - a +0 hat of see invisible (worn)
 I - a +1 pair of boots (worn)
Jewellery
 g - the ring of Veiffiar (right hand) {+Fly rElec EV+5}
   (You bought it in a shop in the Dungeon)

   [ring of evasion]

   It affects your evasion (+5).
   It insulates you from electricity.
   It lets you fly.
 l - an amulet of dismissal (around neck)
 p - a +3 ring of strength (left hand)
 q - a +2 ring of evasion
 F - an uncursed ring of protection from fire
 G - an uncursed ring of ice
Wands
 o - a wand of iceblast (6/15)
Scrolls
 b - a scroll of fog
 j - 5 scrolls of fear
 k - 2 scrolls of blinking
 m - 3 scrolls of remove curse
 n - 2 scrolls of amnesia
 u - 3 scrolls of recharging
Potions
 e - 4 potions of curing
 i - 4 potions of magic
 A - 7 potions of heal wounds
 B - a potion of cure mutation
 C - a potion of berserk rage
 D - a potion of agility
 E - a potion of brilliance
Miscellaneous
 v - a phial of floods
Comestibles
 d - 37 fruits
 f - 11 bread rations
 h - 12 meat rations


   Skills:
 + Level 17.6(16.0) Fighting
 + Level 17.1(15.5) Maces & Flails
 + Level 11.4(10.0) Armour
 + Level 9.2(7.9) Dodging
 + Level 13.9(12.5) Shields
 - Level 1.2(0.2) Evocations


You had 11 spell levels left.
You didn't know any spells.

Dungeon Overview and Level Annotations

Branches:
Dungeon (1/1)

Altars:
Cheibriados
Dithmenos
Elyvilon
Fedhas
Gozag
Hepliaklqana
Kikubaaqudgha
Makhleb
Nemelex Xobeh
Okawaru
Pakellas
Qazlal
Ru
Sif Muna
Trog
Uskayaw
Vehumet
Xom
Yredelemnul
Zin
The Shining One
Beogh
Jiyva
Lugonu

Shops:
D =[!}


Innate Abilities, Weirdness & Mutations

You are resistant to torment.
Your stone body is resilient. (AC +8)
You are immune to poison.
Your magical capacity is low. (-10% MP)
You resist negative energy. (rN+)
You are resistant to electric shocks. (rElec)
You can survive without breathing.
You are immune to petrification.
You are immune to rotting.
You cannot be stealthy.
You cannot study or cast Air magic.
You cannot study or cast Hexes magic.
You cannot study or cast Translocations magic.
You are sensitive to extremes of temperature. (rF-, rC-)


Message History

The fire giant casts a spell at you.
The fireball explodes!
The fireball engulfs you! The fire burns you terribly!
The fireball engulfs the fire giant.
The fire giant resists.
You completely miss the fire giant.
The fire giant is moderately wounded.
You block the fire giant's attack.
You impale the fire giant!!
The fire giant is heavily wounded.
You reveal the great annihilating truth to your foes!
The fire giant slows down under the weight of truth!
The green ugly thing is paralysed by terrible understanding!
The great orb of eyes slows down under the weight of truth!
The tengu reaver is paralysed by terrible understanding!
You kill the yaktaur!
You kill the shadow imp!
You destroy the battlesphere!
You feel drained.
You hear a deafening roar!
You hear a shout!
The fire giant casts a spell at you.
The fireball explodes!
The fireball engulfs you! The fire burns you terribly!
Ouch! That really hurt!
You die...

▓_▓.▓.▓.▓.▓.▓.▓
▓_▓.▓.▓.▓.▓.▓.▓
▓_▓.▓†▓.▓.▓.▓.▓
▓_▓.▓†▓.▓'▓.▓.▓
▓'▓.▓†▓.▓.▓.▓.▓
▓.▓.▓.▓.▓.▓.▓†▓
▓|▓.▓.▓.▓.▓.▓.▓
▓.▓.▓.▓.▓.▓.▓.▓
▓)▓.▓.▓.▓.▓.▓@▓
▓.▓.▓.▓.▓∩▓.▓C▓
▓.▓.▓.▓.▓)▓.▓u▓
▓)▓.▓.▓.▓∩▓.▓G▓
▓.▓.▓.▓.▓.▓.▓Q▓
▓.▓.▓.▓.▓∩▓.▓)▓
▓'▓.▓=▓.▓.▓.▓.▓
▓.▓.▓.▓.▓∩▓.▓§▓
▓.▓.▓?▓.▓.▓.▓


You could see a fire giant, a tengu reaver (paralysed), a great orb of eyes and
a green ugly thing (paralysed).

Vanquished Creatures
  2 hydras (D)
  Erica (D)
  5 ogre magi (D)
  Urug (D)
  2 deep trolls (D)
  2 hill giants (D)
  An orc sorcerer (D)
  A griffon (D)
  A manticore (D)
  8 elephants (D)
  Psyche (D)
  2 komodo dragons (D)
  A yaktaur (D)
  6 trolls (D)
  2 blink frogs (D)
  A shadow (D)
  A vampire (D)
  2 yaks (D)
  A hippogriff (D)
  2 water moccasins (D)
  A phantom (D)
  8 orc warriors (D)
  An ogre (D)
  A crocodile (D)
  2 giant frogs (D)
  A hound (D)
  5 orc priests (D)
  4 orc wizards (D)
  6 iguanas (D)
  2 worker ants (D)
  2 shadow imps (D)
  2 adder skeletons (D)
  A dart slug (D)
  A giant gecko (D)
  6 orcs (D)
  A bat skeleton (D)
  A bat zombie (D)
  2 giant cockroaches (D)
  A kobold (D)
  A bat (D)
92 creatures vanquished.

Vanquished Creatures (collateral kills)
  4 orc warriors (D)
  An orc priest (D)
5 creatures vanquished.

Vanquished Creatures (others)
  An ogre mage (D)
1 creature vanquished.

Grand Total: 98 creatures vanquished

Notes
Turn   | Place    | Note
-------+----------+-------------------------------------------
     0 | D        | poirepourri the Gargoyle Fighter began the quest for the Orb.
     0 | D        | Reached XP level 1. HP: 14/14 MP: 1/1
    16 | D        | Reached XP level 2. HP: 11/20 MP: 2/2
   155 | D        | Reached skill level 1 in Dodging
   155 | D        | Reached XP level 3. HP: 20/28 MP: 3/3
   159 | D        | Reached XP level 4. HP: 25/34 MP: 4/4
   277 | D        | Found a glowing silver altar of Zin.
   277 | D        | Found a glowing golden altar of the Shining One.
   277 | D        | Found an ancient bone altar of Kikubaaqudgha.
   277 | D        | Found a basalt altar of Yredelemnul.
   277 | D        | Found a shimmering altar of Xom.
   277 | D        | Found a radiant altar of Vehumet.
   278 | D        | Found an iron altar of Okawaru.
   279 | D        | Found a burning altar of Makhleb.
   280 | D        | Found a deep blue altar of Sif Muna.
   281 | D        | Found a bloodstained altar of Trog.
   282 | D        | Found a sparkling altar of Nemelex Xobeh.
   283 | D        | Found a white marble altar of Elyvilon.
   284 | D        | Found a roughly hewn altar of Beogh.
   285 | D        | Found a viscous altar of Jiyva.
   286 | D        | Found a corrupted altar of Lugonu.
   287 | D        | Found a blossoming altar of Fedhas.
   288 | D        | Found a snail-covered altar of Cheibriados.
   289 | D        | Found a shadowy altar of Dithmenos.
   290 | D        | Found a stormy altar of Qazlal.
   291 | D        | Found an opulent altar of Gozag.
   292 | D        | Found a sacrificial altar of Ru.
   293 | D        | Found an oddly glowing altar of Pakellas.
   294 | D        | Found a hide-covered altar of Uskayaw.
   295 | D        | Found a hazy altar of Hepliaklqana.
   314 | D        | Became a worshipper of Ru the Awakened
   334 | D        | Noticed a phantom
   334 | D        | Noticed an ogre
   346 | D        | Reached skill level 5 in Maces & Flails
   358 | D        | Killed an ogre
   358 | D        | Reached XP level 5. HP: 18/41 MP: 5/5
   417 | D        | Killed a phantom
   417 | D        | Reached skill level 10 in Fighting
   417 | D        | Reached XP level 6. HP: 37/48 MP: 6/6
   457 | D        | Noticed a griffon
   466 | D        | Killed a griffon
   466 | D        | Reached skill level 1 in Evocations
   466 | D        | Reached XP level 7. HP: 55/55 MP: 7/7
   482 | D        | Gained mutation: You are sensitive to extremes of temperature. (rF-, rC-) [Ru sacrifice]
   482 | D        | Reached * piety under Ru
   482 | D        | Reached ** piety under Ru
   482 | D        | Reached *** piety under Ru
   628 | D        | Noticed a komodo dragon
   628 | D        | Noticed a yak
   638 | D        | Noticed a yak
   641 | D        | Killed a komodo dragon
   641 | D        | Reached skill level 10 in Maces & Flails
   641 | D        | Reached XP level 8. HP: 45/61 MP: 8/8
   662 | D        | Killed a yak
   662 | D        | Reached skill level 5 in Armour
   663 | D        | Reached skill level 5 in Shields
   685 | D        | Killed a yak
   687 | D        | Reached XP level 9. HP: 48/67 MP: 9/9
   776 | D        | Noticed a four-headed hydra
   776 | D        | Noticed a seven-headed hydra
   776 | D        | Noticed a komodo dragon
   782 | D        | Killed a four-headed hydra
   797 | D        | Killed a seven-headed hydra
   811 | D        | Killed a komodo dragon
   851 | D        | Reached XP level 10. HP: 42/75 MP: 10/10
   884 | D        | Gained mutation: You cannot study or cast Air magic. [Ru sacrifice]
   884 | D        | Gained mutation: You cannot study or cast Hexes magic. [Ru sacrifice]
   884 | D        | Gained mutation: You cannot study or cast Translocations magic. [Ru sacrifice]
   884 | D        | Reached **** piety under Ru
  1008 | D        | Noticed an elephant
  1008 | D        | Noticed an elephant
  1008 | D        | Noticed an elephant
  1008 | D        | Noticed an elephant
  1008 | D        | Noticed an elephant
  1008 | D        | Noticed an elephant
  1009 | D        | Noticed an elephant
  1009 | D        | Noticed an elephant
  1023 | D        | Killed an elephant
  1031 | D        | Killed an elephant
  1050 | D        | Killed an elephant
  1071 | D        | Killed an elephant
  1071 | D        | Reached skill level 10 in Shields
  1082 | D        | Killed an elephant
  1099 | D        | Killed an elephant
  1120 | D        | Killed an elephant
  1135 | D        | Killed an elephant
  1325 | D        | Noticed Psyche
  1340 | D        | Killed Psyche
  1340 | D        | Reached skill level 15 in Fighting
  1403 | D        | Noticed an orc sorcerer
  1412 | D        | Killed an orc sorcerer
  1412 | D        | Reached XP level 11. HP: 55/81 MP: 11/11
  1684 | D        | Found Yxipnut's Jewellery Emporium.
  1684 | D        | Noticed an ogre mage
  1684 | D        | Noticed a hill giant
  1684 | D        | Noticed an ogre mage
  1710 | D        | Gained mutation: Your magical capacity is low. (-10% MP) [Ru sacrifice]
  1718 | D        | Killed an ogre mage
  1724 | D        | Noticed an ogre mage
  1725 | D        | Killed a hill giant
  1736 | D        | Reached skill level 15 in Maces & Flails
  1745 | D        | Killed an ogre mage
  1765 | D        | Killed an ogre mage
  1765 | D        | Reached skill level 10 in Armour
  1768 | D        | Noticed a deep troll
  1780 | D        | Killed a deep troll
  1782 | D        | Found Pebaahu's Armour Shoppe.
  1786 | D        | Found Zugoed's Distillery.
  1857 | D        | Noticed an ogre mage
  1858 | D        | Found Wigimp's Gadget Shoppe.
  1859 | D        | Noticed an ogre mage
  1874 | D        | Noticed a hill giant
  1885 | D        | Noticed a deep troll
  1892 | D        | Killed an ogre mage
  1903 | D        | Killed an ogre mage
  1923 | D        | Killed a hill giant
  1929 | D        | Killed a deep troll
  1929 | D        | Reached XP level 12. HP: 21/90 MP: 11/11
  2275 | D        | Bought the ring of Veiffiar {+Fly rElec EV+5} for 924 gold pieces
  2275 | D        | Bought an uncursed amulet of dismissal for 390 gold pieces
  2278 | D        | Bought a +0 hat of see invisible for 143 gold pieces
  2284 | D        | Bought a potion of heal wounds for 55 gold pieces
  2304 | D        | Bought a potion of cure mutation for 275 gold pieces
  2304 | D        | Bought a potion of berserk rage for 55 gold pieces
  2304 | D        | Bought a potion of agility for 44 gold pieces
  2459 | D        | Noticed Erica
  2469 | D        | Killed Erica
  2489 | D        | Noticed Urug
  2513 | D        | Killed Urug
  2530 | D        | Gained mutation: You cannot be stealthy. [Ru sacrifice]
  2530 | D        | Reached ***** piety under Ru
  2661 | D        | Noticed an ogre mage
  2663 | D        | Noticed a fire giant
  2684 | D        | Noticed a great orb of eyes
  2690 | D        | Noticed a tengu reaver
  2692 | D        | Killed an ogre mage
  2701 | D        | Killed from afar by a fire giant

Vault maps used:
D:        linesprint

Skill      XL: |  1  2  3  4  5  6  7  8  9 10 11 12 |
---------------+-------------------------------------+-----
Fighting       | 4 6 7 9 10 11 12 14 15 16 17 | 17.6
Maces & Flails | 3 4 6 7 9 10 12 14 16 17 | 17.1
Dodging        | 1 3 4 6 7 8 9 |  9.2
Evocations     | 1 |  1.2
Armour         | 4 5 7 9 10 11 | 11.4
Shields        | 4 5 8 11 13 | 13.9

Action                   |  1- 3 |  4- 6 |  7- 9 | 10-12 || total
-------------------------+-------+-------+-------+-------++-------
Melee: Flail             |    24 |    60 |   119 |   371 ||   574
       Morningstar       |       |       |       |    42 ||    42
Invok: Sacrifice Resista |       |       |     1 |       ||     1
       Draw Out Power    |       |       |     1 |     2 ||     3
       Power Leap        |       |       |       |     1 ||     1
       Sacrifice Arcana  |       |       |       |     1 ||     1
       Sacrifice Essence |       |       |       |     1 ||     1
       Apocalypse        |       |       |       |     1 ||     1
       Sacrifice Stealth |       |       |       |     1 ||     1
Evoke: Wand              |       |     1 |       |       ||     1
       Phial of floods   |       |       |       |     2 ||     2
  Use: Potion            |       |     2 |     6 |    11 ||    19
       Scroll            |       |       |       |     1 ||     1
 Stab: Distracted        |       |       |     1 |     1 ||     2
       Invisible         |       |       |       |     5 ||     5
  Eat: Bread ration      |       |       |     1 |     1 ||     2
       Fruit             |       |       |       |     3 ||     3
Armor: Scale mail        |     7 |    25 |       |       ||    32
       Chain mail        |       |     6 |     1 |       ||     7
       Plate armour      |       |       |    55 |   164 ||   219
Dodge: Dodged            |     5 |    18 |    54 |   117 ||   194
Block: Shield            |    11 |    32 |    73 |   171 ||   287
